 Dungeon Crawl Stone Soup version 0.26.1-2-gb8aa6d0cf2 (webtiles) character file.

Game seed: 1810753157632192998

44132 hawla the Destroyer (level 13, -6/85 (89) HPs)
             Began as a Pale Draconian Conjurer on Feb 11, 2021.
             Was a Priest of Ashenzari.
             Hit by a large rock thrown by a cyclops (28 damage)
             ... on level 15 of the Dungeon on Feb 12, 2021.
             The game lasted 01:09:46 (24621 turns).

hawla the Destroyer (Pale Draconian Conjurer)      Turns: 24621, Time: 01:09:47

HP:   -6/85 (89)    AC: 13    Str: 10    XL:     13   Next: 94%
MP:   3/28          EV: 13    Int: 25    God:    Ashenzari [***...]
Gold: 359           SH:  6    Dex: 10    Spells: 18/35 levels left

rFire    + . .     SeeInvis +   L - staff of conjuration (curse)
rCold    + . .     Faith    .   y - +1 buckler (curse)
rNeg     . . .     Spirit   .   (armour unavailable)
rPois    .         Reflect  .   c - +3 crown of Dyrovepreva {rElec Int+2 SInv} (curse)
rElec    +         Harm     .   (no cloak)
rCorr    .         Rampage  .   z - +0 pair of gloves (curse)
Will     +....                  E - +0 pair of boots (curse)
Stlth    ++........             q - amulet of magic regeneration (curse)
HPRegen  0.24/turn              x - ring of protection from fire
MPRegen  0.46/turn              F - ring of protection from cold

@: radiating poison, lightly drained
A: breathe steam, unfitting armour, strong-willed 1, no potion heal 1,
cold-blooded, AC +8
a: Breathe Steam, Renounce Religion, Curse Item, Scrying


You were on level 15 of the Dungeon.
You worshipped Ashenzari.
Ashenzari was most pleased with you.
You visited 2 branches of the dungeon, and saw 16 of its levels.
You also visited: Sewer, Bailey and Ice Cave.

You collected 953 gold pieces.
You spent 594 gold pieces at shops.

Inventory:

Hand Weapons
 r - a +0 quarterstaff
 M - the +5 mace of Imbalance {elec, rF+}
   (You found it in a bailey)

   Occasionally, upon striking a foe, it can discharge electrical energy and
   cause terrible harm.
   It protects you from fire.
 S - a +0 executioner's axe of freezing
Missiles
 h - 4 throwing nets
 k - 17 boomerangs (quivered)
 n - 85 poisoned darts
 Q - 8 atropa-tipped darts
Armour
 c - the cursed +3 crown of Dyrovepreva (worn) {rElec Int+2 SInv}
   (You found it in a sewer)

   It affects your intelligence (+2).
   It insulates you from electricity.
   It lets you see invisible.
   It has a curse placed upon it.
 y - a cursed +1 buckler (worn)
 z - a cursed +0 pair of gloves (worn)
 E - a cursed +0 pair of boots (worn)
Magical Staves
 L - a cursed staff of conjuration (weapon)
Jewellery
 q - a cursed amulet of magic regeneration (around neck)
 x - a ring of protection from fire (left hand)
 F - a ring of protection from cold (right hand)
 G - a +4 ring of protection
 K - a +4 ring of protection
 P - an uncursed ring of flight
Wands
 b - a wand of enslavement (8)
 l - a wand of disintegration (8)
 s - a wand of paralysis (7)
 t - a wand of flame (8)
 v - a wand of polymorph (15)
 A - a wand of digging (9)
 B - a wand of iceblast (17)
 D - a wand of acid (12)
Scrolls
 d - 3 scrolls of teleportation
 f - 10 scrolls of remove curse
 g - 4 scrolls of enchant weapon
 i - 6 scrolls of fear
 p - 8 scrolls of fog
 u - 12 scrolls of identify
 I - 3 scrolls of magic mapping
 T - a scroll of brand weapon {unknown}
Potions
 e - 4 potions of lignification
 j - a potion of haste
 m - 4 potions of flight
 o - a potion of cancellation
 w - 3 potions of curing
 C - a potion of heal wounds
 J - 2 potions of invisibility
 N - 2 potions of ambrosia
 O - a potion of berserk rage
Miscellaneous
 a - a tin of tremorstones (2/2)
 H - a phial of floods
 R - a phantom mirror


   Skills:
 - Level 1.1 Fighting
 + Level 7.0(9.0) Staves
 - Level 0.1 Throwing
 - Level 2.2(3.7) Dodging
 - Level 1.9(3.3) Stealth
 - Level 4.0(5.7) Shields
 + Level 11.5 Spellcasting
 + Level 13.4 Conjurations
 - Level 6.4 Translocations
 - Level 0.1 Transmutations
 + Level 12.3 Fire Magic
 - Level 5.0 Poison Magic
 - Level 2.7(4.3) Evocations


You had 18 spell levels left.
You knew the following spells:

 Your Spells              Type           Power        Failure   Level
a - Magic Dart            Conj           100%         1%          1
b - Searing Ray           Conj           100%         1%          2
c - Iskenderun's Mystic   Conj/Tloc      77%          1%          4
d - Olgreb's Toxic Radia  Pois           39%          5%          4
e - Ignite Poison         Fire/Tmut/Pois 43%          1%          3
f - Mephitic Cloud        Conj/Pois/Air  61%          1%          3

Your spell library contained the following spells:

 Spells                   Type           Power        Failure   Level
 Sting                    Tmut/Pois      100%         1%          1
 Dazzling Flash           Conj/Hex       100%         1%          3
 Poisonous Vapours        Pois/Air       52%          2%          2
 Fulminant Prism          Conj/Hex       32%          2%          4
 Animate Skeleton         Necr           28%          4%          1
 Pain                     Necr           56%          4%          1
 Corpse Rot               Necr/Air       N/A          6%          2
 Sublimation of Blood     Necr           7%           6%          2
 Vampiric Draining        Necr           7%           13%         3
 Animate Dead             Necr           7%           38%         4
 Dispel Undead            Necr           14%          38%         4
 Agony                    Necr           14%          75%         5
 Borgnjor's Vile Clutch   Necr/Erth      7%           75%         5
 Excruciating Wounds      Necr           7%           75%         5
 Death Channel            Necr           7%           100%        6
 Simulacrum               Ice/Necr       7%           100%        6


Dungeon Overview and Level Annotations

Branches:
Dungeon (15/15)            Temple (1/1) D:6            Lair (0/6) D:10
    Orc (0/2) D:10         Vaults (0/5) D:13          Sewer (visited)
 Bailey (visited)           IceCv (visited)
 Depths: D:15

Altars:
Ashenzari
Cheibriados
Dithmenos
Elyvilon
Fedhas
Gozag
Hepliaklqana
Kikubaaqudgha
Makhleb
Nemelex Xobeh
Okawaru
Qazlal
Ru
Sif Muna
Trog
Uskayaw
Vehumet
Wu Jian
Xom
Yredelemnul
Zin
The Shining One
Jiyva

Shops:
D:8 *[([

Annotations:
D:10 3 runed translucent doors, thiole's ghost, novice OpWz


Innate Abilities, Weirdness & Mutations

You can breathe blasts of scalding, opaque steam.
Your pale cyan-grey scales are hard. (AC +8)
You cannot fit into any form of body armour.
You are cold-blooded and may be slowed by cold attacks.
You are strong-willed. (Will+)
Potions are less effective at restoring your health.


Message History

The deep elf mage is engulfed in a cloud of scalding steam.
Casting: Magic Dart (safe; 1% risk of failure)
Confirm with . or Enter, or press ? or * to list all spells.
You begin to radiate toxic energy.
The deep elf mage is poisoned.
The cyclops is poisoned.
The deep elf mage looks even sicker.
The deep elf mage is engulfed in a cloud of scalding steam.
Unknown command.
The deep elf mage looks even sicker.
Your toxic aura wanes.
The deep elf mage points at you and mumbles some strange words.
The bolt of negative energy hits you!!
You feel drained.
* * * LOW HITPOINT WARNING * * *
Casting: Olgreb's Toxic Radiance (dangerous; 5% risk of failure)
Confirm with . or Enter, or press ? or * to list all spells.
You begin to radiate toxic energy.
The cyclops looks even sicker.
You have got your breath back.
You kill the deep elf mage!
The rust devil disappears in a puff of smoke!
The cyclops throws a large rock.
The large rock hits you!!
You die...

,, * ###########,
,* #.........# ,* ,
, , . *
#........(## , ,
..###........... ,*
, ,
,................
................ ,
..........(.....,,,
§C..)§.<....... ,
,.§..§§@........ ,
§....).....!.... *
, ..########+####.
* , ,, , { , * , *
, , , , , ,* ,, ,,
,, , , *, ,, , ,, ,


You could see a cyclops (very poisoned).

Vanquished Creatures
  An ogre mage (D:12)
  Harold (D:8)
  4 centaur warriors
  2 boulder beetles
  A catoblepas (D:12)
  5 hydras
  4 two-headed ogres
  2 tengu warriors
  An iron troll (D:13)
  3 unseen horrors
  A lindwurm (D:13)
  A phantasmal warrior (D:13)
  3 orc knights
  3 deep elf magi
  2 cyclopes
  10 ugly things
  A wolf spider (D:12)
  A salamander (shapeshifter) (D:15)
  2 manticores
  3 ice statues (IceCv)
  4 centaur skeletons
  5 trolls
  Grinder (D:6)
  A hornet (D:6)
  6 slime creatures
  A shadow (D:14)
  4 wraiths
  2 vampires
  A water elemental (D:13)
  12 yaks
  5 wyverns
  A vampire mosquito (D:12)
  2 basilisks
  An acid dragon (D:11)
  2 two-headed ogre zombies (D:10)
  A water moccasin (D:11)
  6 phantoms
  16 orc warriors
  11 ice beasts
  3 sky beasts
  2 eyes of draining
  A hornet zombie (D:14)
  A wolf (D:8)
  A necrophage (D:8)
  16 centaurs
  10 ogres
  12 bullfrogs
  A gnoll sergeant (D:7)
  A water moccasin zombie (D:9)
  2 wyvern zombies
  2 troll zombies (D:10)
  4 scorpions
  6 killer bees (D:11)
  24 wights
  3 howler monkeys (D:14)
  6 electric eels
  A centaur zombie (D:7)
  A quasit (D:13)
  7 jellies
  A bullfrog skeleton (D:11)
  10 hounds
  8 orc priests
  9 orc wizards
  11 iguanas
  9 worker ants
  4 ogre zombies (D:10)
  A hound skeleton (D:4)
  11 gnolls
  19 adders
  2 shadow imps
  6 white imps
  An ufetubus (D:7)
  A dart slug (D:5)
  3 worms
  9 leopard geckos
  67 orcs
  11 giant cockroaches
  6 goblins
  3 hobgoblins
  13 jackals
  5 quokkas
  4 ball pythons
  5 bats
  12 frilled lizards
  2 goblin skeletons (D:10)
  A goblin zombie (D:10)
  2 hobgoblin zombies (D:10)
  10 kobolds
  A leopard gecko skeleton (D:7)
  An orc skeleton (D:10)
  19 orc zombies (D:10)
  4 quokka skeletons
  4 rats
512 creatures vanquished.

Vanquished Creatures (others)
  A wizard (D:10)
  4 plants (D:10)
5 creatures vanquished.

Grand Total: 517 creatures vanquished

Notes
Turn   | Place    | Note
-------+----------+-------------------------------------------
     0 | D:1      | hawla the Draconian Conjurer began the quest for the Orb.
     0 | D:1      | Reached XP level 1. HP: 14/14 MP: 3/3
  1263 | D:2      | Reached XP level 2. HP: 15/20 MP: 1/5
  1266 | D:2      | Learned a level 2 spell: Searing Ray
  1630 | D:2      | Reached XP level 3. HP: 26/26 MP: 0/6
  1919 | D:2      | Reached skill level 5 in Conjurations
  1919 | D:2      | Reached XP level 4. HP: 33/33 MP: 3/8
  1924 | D:2      | Learned a level 4 spell: Iskenderun's Mystic Blast
  2495 | D:2      | Found a white marble altar of Elyvilon.
  2541 | D:2      | Reached skill level 1 in Translocations
  2791 | D:3      | Gained mutation: Your body sometimes deteriorates upon
                  | taking damage. [potion of mutation]
  2791 | D:3      | Lost mutation: Your body sometimes deteriorates upon taking
                  | damage. [potion of mutation]
  2791 | D:3      | Gained mutation: Potions are less effective at restoring
                  | your health. [potion of mutation]
  2791 | D:3      | Gained mutation: You have a pair of small horns on your
                  | head. [potion of mutation]
  3405 | D:3      | Reached XP level 5. HP: 38/38 MP: 5/9
  3526 | D:3      | Found an ornate altar of the Wu Jian Council.
  4069 | D:4      | Found a glowing drain.
  4084 | Sewer    | Entered a sewer
  4556 | Sewer    | Found the +3 crown of Dyrovepreva {rElec Int+2 SInv}
  4590 | Sewer    | Reached XP level 6. HP: 30/45 MP: 5/11
  4611 | Sewer    | Reached skill level 6 in Conjurations
  5071 | D:4      | Your scales start taking on a pale cyan-grey colour.
  5071 | D:4      | Reached XP level 7. HP: 50/50 MP: 7/12
  5123 | D:4      | You fall into a shaft and drop 1 floor!
  5123 | D:5      | Entered Level 5 of the Dungeon
  5148 | D:5      | Reached skill level 1 in Fire Magic
  5391 | D:5      | Reached skill level 7 in Conjurations
  5654 | D:4      | Reached XP level 8. HP: 46/57 MP: 9/14
  5655 | D:4      | Reached skill level 5 in Translocations
  7159 | D:5      | Found a shimmering blue altar of Sif Muna.
  7227 | D:5      | Reached skill level 1 in Staves
  7349 | D:5      | Found a glowing silver altar of Zin.
  7349 | D:5      | Noticed an angel
  7648 | D:6      | Found a hide-covered altar of Uskayaw.
  7693 | D:6      | Noticed Grinder
  7697 | D:6      | Killed Grinder
  7740 | D:6      | Found a staircase to the Ecumenical Temple.
  7749 | Temple   | Entered the Ecumenical Temple
  7829 | Temple   | Became a worshipper of Ashenzari the Shackled
  7848 | D:6      | Reached skill level 8 in Conjurations
  8151 | D:6      | Found an iron altar of Okawaru.
  8155 | D:6      | Reached XP level 9. HP: 62/62 MP: 12/16
  8206 | D:6      | Reached skill level 5 in Spellcasting
  8404 | D:6      | Found a bloodstained altar of Trog.
  8790 | D:6      | Paralysed by a hornet for 2 turns
  8805 | D:6      | HP: 4/93 [poisoned by a hornet]
  9423 | D:7      | Reached skill level 5 in Fire Magic
  9457 | D:7      | Found a stormy altar of Qazlal.
  9555 | D:7      | Found a radiant altar of Vehumet.
  9892 | D:7      | Reached skill level 9 in Conjurations
 10205 | D:8      | Reached skill level 1 in Shields
 10289 | D:8      | Found Nemuwnik's Antique Armour Emporium.
 10413 | D:8      | Found a stormy altar of Qazlal.
 10496 | D:8      | Bought a pair of runed gloves for 165 gold pieces
 10586 | D:8      | Found Hoowi's Antique Weapon Shoppe.
 10693 | D:8      | Noticed Harold
 10696 | D:8      | Reached XP level 10. HP: 52/69 MP: 11/19
 10830 | D:8      | Killed Harold
 11365 | D:8      | Learned a level 4 spell: Olgreb's Toxic Radiance
 11420 | D:8      | Found Dyivium's Assorted Antiques.
 11588 | D:8      | Noticed a two-headed ogre
 11599 | D:8      | Killed a two-headed ogre
 11600 | D:8      | Reached skill level 1 in Poison Magic
 11814 | D:8      | Found Dothra Inoips's Armour Emporium.
 11864 | D:8      | Bought a +0 pair of boots for 54 gold pieces
 12066 | D:9      | Reached * piety under Ashenzari
 12076 | D:9      | Found a glowing golden altar of the Shining One.
 12426 | D:8      | Bought a metal-bound book for 375 gold pieces
 12487 | D:10     | Entered Level 10 of the Dungeon
 12572 | D:10     | Found a staircase to the Lair.
 12642 | D:10     | Found a staircase to the Orcish Mines.
 12665 | D:10     | Lost mutation: You have a pair of small horns on your head.
                  | [potion of mutation]
 12665 | D:10     | Gained mutation: You are weak. (Str -2) [potion of
                  | mutation]
 12665 | D:10     | Lost mutation: You are weak. (Str -2) [potion of mutation]
 12665 | D:10     | Gained mutation: You are strong-willed. (Will+) [potion of
                  | mutation]
 12873 | D:10     | Reached skill level 10 in Conjurations
 13516 | D:10     | Found a runed translucent gate.
 13516 | D:10     | Found a runed translucent gate.
 13518 | D:10     | Found a runed translucent gate.
 13520 | D:10     | Noticed thiole's ghost (novice OpWz)
 13522 | D:10     | Found a viscous altar of Jiyva.
 13611 | D:10     | Found a bloodstained altar of Trog.
 13614 | D:10     | Noticed a wizard
 13620 | D:10     | Killed a wizard
 13782 | D:11     | Found a flagged portal.
 13789 | D:11     | Reached XP level 11. HP: 71/74 MP: 14/22
 13803 | Bailey   | Entered a bailey
 13816 | Bailey   | Learned a level 3 spell: Ignite Poison
 14745 | Bailey   | Reached skill level 1 in Fighting
 15185 | Bailey   | Noticed an orc knight
 15189 | Bailey   | Killed an orc knight
 15190 | Bailey   | Reached skill level 5 in Poison Magic
 15198 | Bailey   | Got the mace of Imbalance {elec, rF+}
 15543 | D:11     | Noticed an unseen horror
 15547 | D:11     | Killed an unseen horror
 16299 | D:11     | Noticed a brown ugly thing
 16307 | D:11     | Killed a brown ugly thing
 16391 | D:11     | Noticed a two-headed ogre
 16403 | D:11     | Killed a two-headed ogre
 16404 | D:11     | Reached skill level 11 in Conjurations
 16642 | D:11     | Identified the +5 mace of Imbalance {elec, rF+} (You found
                  | it in a bailey)
 16701 | D:12     | Identified a scroll of acquirement
 16701 | D:12     | Acquired a cursed staff of conjuration
 17250 | D:12     | Reached ** piety under Ashenzari
 17274 | D:12     | Noticed an orc knight
 17275 | D:12     | Noticed an orc knight
 17276 | D:12     | Noticed a wolf spider
 17277 | D:12     | Noticed a purple ugly thing
 17279 | D:12     | Noticed an ogre mage
 17280 | D:12     | Reached XP level 12. HP: 78/83 MP: 11/25
 17283 | D:12     | Noticed a catoblepas
 17286 | D:12     | Noticed a boulder beetle
 17287 | D:12     | Noticed a six-headed hydra
 17421 | D:12     | Killed a boulder beetle
 17492 | D:12     | Killed a six-headed hydra
 17493 | D:12     | Reached skill level 10 in Fire Magic
 17669 | D:12     | Noticed a four-headed hydra
 17676 | D:12     | Killed a four-headed hydra
 17777 | D:12     | Killed a catoblepas
 17778 | D:12     | Reached skill level 10 in Spellcasting
 17778 | D:12     | Reached skill level 12 in Conjurations
 18067 | D:12     | Killed an ogre mage
 19188 | D:13     | Noticed a boulder beetle
 19193 | D:13     | Killed a boulder beetle
 19194 | D:13     | Reached skill level 1 in Evocations
 19707 | D:13     | Noticed an eight-headed hydra
 19714 | D:13     | Killed an eight-headed hydra
 20082 | D:13     | Reached XP level 13. HP: 53/89 MP: 9/27
 20960 | D:13     | Reached skill level 5 in Staves
 21804 | D:13     | Found a gate to the Vaults.
 21930 | D:13     | Reached *** piety under Ashenzari
 22468 | D:14     | Found a frozen archway.
 22502 | IceCv    | Entered an ice cave
 22592 | IceCv    | Learned a level 2 spell: Poisonous Vapours
 22599 | IceCv    | Learned a level 3 spell: Mephitic Cloud
 23014 | D:14     | Reached skill level 13 in Conjurations
 24589 | D:15     | Entered Level 15 of the Dungeon
 24621 | D:15     | Hit by a large rock thrown by a cyclops

Illustrated notes

Levels and vault maps discovered:
D:1:      erik_arrival_orb_chamber, layout_basic
D:2:      layout_basic, elyvilon_altar_1
D:3:      layout_basic, pdpol_wu_jian_five_deadly_venoms
D:4:      layout_basic, cheibrodos_sewer_entry_bend, small_statue_intersection
D:5:      layout_cave_pods, zin_angel, basic_altar
D:6:      layout_basic, eat_drink_and_be_merry_uskayaw,
          kennysheep_okawaru_gauntlet, kennysheep_mini_moat,
          minmay_temple_entry_antechambers, uniq_grinder
D:7:      layout_basic, nicolae_qazlal_style_of_elements, vehumet_altar_wand_db
D:8:      layout_basic, serial_shops, shop, nicolae_shop_trees, shop_coins,
          nicolae_shop_behind_doors, serial_ice, serial_ice_h, serial_ice_e,
          serial_ice_n, serial_ice_j, grunt_decor_resistance, lemuel_tele_altar,
          uniq_harold
D:9:      layout_cave_pools, tso_altar
D:10:     layout_irregular_city, dpeg_oklobed_lair, zombieorc2_lemuel,
          gammafunk_ghost_ooze, trog_wizard
D:11:     layout_roguey, enter_bailey_7
D:12:     minmay_connected_boxes_in_corner, layout_basic, hive_lemuel
D:13:     layout_basic, david_vaults_4, chequers_garden, kennysheep_small_circle
D:14:     layout_loops_cross, portal_ice_cave_entry_pillars_2, minivault_24,
          amcnicky_mini_rare_corridor_liquid
D:15:     gammafunk_enter_depths_forms, layout_irregular_city
Temple:   dshaligram_water_room_temple

Skill      XL: |  1  2  3  4  5  6  7  8  9 10 11 12 13 |
---------------+----------------------------------------+-----
Conjurations   | 5 6 7 8 9 10 11 12 13 | 13.4
Translocations | 1 2 3 4 6 |  6.4
Spellcasting   | 3 4 6 7 9 10 11 | 11.5
Fire Magic     | 2 3 5 7 9 11 12 | 12.3
Staves         | 2 4 7 |  7.0
Shields        | 2 4 |  4.0
Poison Magic   | 4 5 |  5.0
Dodging        | 2 |  2.2
Fighting       | 1 |  1.1
Evocations     | 2 |  2.7
Throwing       | |  0.1
Stealth        | |  1.9
Transmutations | |  0.1

Action                   |  1- 3 |  4- 6 |  7- 9 | 10-12 | 13-15 || total
-------------------------+-------+-------+-------+-------+-------++-------
Melee: Unarmed           |    36 |     6 |     9 |       |       ||    51
       Tailslap          |     1 |     3 |     6 |    11 |    11 ||    32
       Club              |       |    19 |    21 |       |       ||    40
       Headbutt          |       |     1 |     7 |     6 |       ||    14
       Quarterstaff      |       |       |    69 |    88 |       ||   157
       Staff             |       |       |       |    42 |    77 ||   119
Throw: Boomerang         |       |       |       |     6 |     1 ||     7
       Dart              |       |       |       |     4 |       ||     4
 Cast: Magic Dart        |    44 |    33 |    36 |    44 |    14 ||   171
       Searing Ray       |     2 |    42 |    69 |   113 |    49 ||   275
       Iskenderun's Myst |       |       |    18 |    82 |    56 ||   156
       Olgreb's Toxic Ra |       |       |       |    47 |    22 ||    69
       Ignite Poison     |       |       |       |    12 |    15 ||    27
       Mephitic Cloud    |       |       |       |       |    12 ||    12
Invok: Curse Item        |       |       |     2 |     2 |       ||     4
 Abil: Breathe Steam     |       |       |     3 |     4 |     4 ||    11
Evoke: Wand              |       |       |       |     7 |     2 ||     9
  Use: Scroll            |       |    11 |     9 |     9 |     6 ||    35
       Potion            |       |     1 |     5 |     1 |     1 ||     8
Armor: Skin              |    24 |    20 |    74 |   114 |    35 ||   267
Dodge: Dodged            |    36 |    47 |   110 |   189 |    71 ||   453
Block: Buckler           |       |       |       |    26 |    44 ||    70
